 Dungeon Sprint DCSS version 0.21.1-1-g345015f (webtiles) character file.

5168 Fang the Impaler (level 10, -1/103 HPs)
             Began as a Minotaur Berserker on Apr 27, 2018.
             Was the Champion of Trog.
             Succumbed to a spriggan rider's poison
             ... in the Dungeon (Sprint V: "Ziggurat Sprint").
             The game lasted 00:03:43 (831 turns).

Fang the Impaler (Minotaur Berserker)                Turns: 831, Time: 00:03:44

Health: -1/103     AC: 26    Str: 31    XL:     10   Next: 34%
Magic:  6/9        EV: 11    Int: 12    God:    Trog [******]
Gold:   0          SH:  0    Dex:  5    Spells: 9/9 levels left

rFire    + . .     SeeInvis .   l - +5 demon trident (flame)
rCold    . . .     Gourm    .   (no shield)
rNeg     . . .     Faith    +   j - +5 shadow dragon scales
rPois    .         Spirit   .   (helmet restricted)
rElec    +         Reflect  .   b - +0 cloak {MR+}
rCorr    .         Harm     .   (no gloves)
MR       +....     NoTele   +   a - +4 pair of boots of Restlessness {Int+5}
Stlth    +++.......             D - amulet of the Insatiable Tables {Faith rElec rF+ Int+3 Dex-5}
HPRegen  0.27/turn              G - ring of flight
MPRegen  0.11/turn              F - +6 ring of strength

@: lethally poisoned (-1 -> -61), berserk cooldown, slowed, very slow
A: retaliatory headbutt, horns 2
a: Berserk, Trog's Hand, Brothers in Arms, Burn Spellbooks, Renounce Religion,
Evoke Flight


You were in the Dungeon.
You worshipped Trog.
Trog was exalted by your worship.
You were hungry.

You visited 1 branch

Inventory:

Hand Weapons
 l - a +5 demon trident of flaming (weapon)
 A - a +5 war axe of flaming
 C - a +3 antimagic battleaxe
Armour
 a - the +4 pair of boots of Restlessness (worn) {Int+5}
   (You found it in the Dungeon)

   It affects your intelligence (+5).
 b - a +0 cloak of magic resistance (worn)
 j - +5 shadow dragon scales (worn)
Jewellery
 D - the amulet of the Insatiable Tables (around neck) {Faith rElec rF+ Int+3 Dex-5}
   (You found it in the Dungeon)

   [amulet of faith]

   It allows you to gain divine favour quickly.
   It affects your intelligence (+3).
   It affects your dexterity (-5).
   It protects you from fire.
   It insulates you from electricity.
 F - a +6 ring of strength (right hand)
 G - a ring of flight (left hand)
Wands
 x - a wand of disintegration (7)
 y - a wand of iceblast (7)
 z - a wand of acid (7)
Scrolls
 i - 4 scrolls of blinking
 m - 7 scrolls of fog
 n - a scroll of holy word
 o - 5 scrolls of identify
 p - 5 scrolls of remove curse
 q - 2 scrolls of fear
Potions
 d - 10 potions of curing
 e - 10 potions of heal wounds
 f - 6 potions of haste
 g - 7 potions of magic
 h - 3 potions of berserk rage
 r - 2 potions of brilliance
 s - 2 potions of invisibility
 t - 4 potions of resistance
 v - 5 potions of agility
 w - 5 potions of might
Miscellaneous
 k - a sack of spiders
 B - a lamp of fire
Comestibles
 c - 7 rations
 u - 6 chunks of flesh


   Skills:
 + Level 14.0 Fighting
 + Level 11.4(14.6) Axes
 + Level 15.1(16.4) Polearms
 + Level 10.6 Armour
 + Level 8.4 Dodging
 + Level 2.4 Stealth


You had 9 spell levels left.
You didn't know any spells.

Dungeon Overview and Level Annotations

Branches:
Dungeon (1/1)

Altars:
Ashenzari
Cheibriados
Dithmenos
Elyvilon
Fedhas
Gozag
Hepliaklqana
Kikubaaqudgha
Makhleb
Nemelex Xobeh
Okawaru
Qazlal
Ru
Sif Muna
Trog
Uskayaw
Vehumet
Wu Jian
Xom
Yredelemnul
Zin
The Shining One
Beogh
Jiyva
Lugonu

Annotations:
D 1 transporter


Innate Abilities, Weirdness & Mutations

You reflexively headbutt those who attack you in melee.
You have a pair of horns on your head.


Message History

You headbutt the hornet, but do no damage.
The hornet is severely wounded.
* * * LOW HITPOINT WARNING * * *
You feel very sick.
The hornet stings you but does no damage.
You barely miss the hornet.
The hornet is severely wounded.
* * * LOW HITPOINT WARNING * * *
You feel very sick.
The hornet stings you but does no damage.
You barely miss the hornet.
The hornet is severely wounded.
* * * LOW HITPOINT WARNING * * *
You feel very sick.
The hornet stings you but does no damage.
The hornet barely misses you. You furiously retaliate!
You headbutt the hornet, but do no damage.
You barely miss the hornet.
The hornet is severely wounded.
You die...

▓..†.....▓........▓
▓.▓....▓.▓.▓..%%▓.▓
▓...©....▓...©....▓
▓▓▓▓▓▓▓▓▓▓▓▓▓▓▓▓▓▓▓
▓...8©8...▓..8©8..▓
▓..)|"=...▓....[..▓
▓...)})...▓..[.[..▓
▓.........▓.......▓
▓....y@...▓.......▓
▓....))...▓.......▓
▓.....)...▓.......▓
▓.........▓.▓.†.▓.▓
▓....©....▓...©...▓
▓▓▓▓▓▓▓▓▓▓▓▓▓▓▓▓▓▓▓
▓..8©8..▓ ▓..))[..▓
▓..[)...▓


You could see a hornet.

Vanquished Creatures
  5 jumping spiders (D)
  4 spriggans (D)
  2 tarantellas (D)
  3 porcupines (D)
  2 hell hounds (D)
  2 black bears (D)
  3 wolves (D)
  2 bullfrogs (D)
  2 scorpions (D)
  A crimson imp (D)
  A quasit (D)
  An orc priest (D)
  2 iguanas (D)
  An orc wizard (D)
  A river rat (D)
  2 orcs (D)
  A bat skeleton (D)
  A jackal (D)
  A giant cockroach zombie (D)
37 creatures vanquished.

Notes
Turn   | Place    | Note
-------+----------+-------------------------------------------
     0 | D        | Found the +6 Majin-Bo {vamp, Archmagi MP+6 Int+6}
     0 | D        | Found the +7 great mace "Firestarter" {inner flame, rF++}
     0 | D        | Fang the Minotaur Berserker began the quest for the Orb.
     0 | D        | Reached XP level 1. HP: 19/19 MP: 0/0
     3 | D        | Found a blossoming altar of Fedhas.
     4 | D        | Found a viscous altar of Jiyva.
     4 | D        | Found a hazy altar of Hepliaklqana.
     4 | D        | Found a transporter.
     4 | D        | Found an opulent altar of Gozag.
     4 | D        | Found an ancient bone altar of Kikubaaqudgha.
     4 | D        | Found a corrupted altar of Lugonu.
    10 | D        | Found a burning altar of Makhleb.
    11 | D        | Found a stormy altar of Qazlal.
    11 | D        | Found a sacrificial altar of Ru.
    11 | D        | Found an iron altar of Okawaru.
    11 | D        | Found a deep blue altar of Sif Muna.
    11 | D        | Found a sparkling altar of Nemelex Xobeh.
    11 | D        | Found a bloodstained altar of Trog.
    81 | D        | Entered arena 2.
    81 | D        | Noticed an iguana
    81 | D        | Noticed a wolf
    81 | D        | Found a transporter.
    84 | D        | Killed an iguana
    84 | D        | Reached skill level 5 in Fighting
    84 | D        | Reached skill level 5 in Axes
    84 | D        | Reached XP level 2. HP: 29/29 MP: 1/1
    88 | D        | Killed a wolf
    88 | D        | Reached skill level 2 in Polearms
    88 | D        | Reached XP level 3. HP: 39/39 MP: 2/2
    88 | D        | Reached XP level 4. HP: 47/47 MP: 3/3
   101 | D        | Reached ** piety under Trog
   145 | D        | Entered arena 3.
   145 | D        | Noticed a wolf
   145 | D        | Found a transporter.
   153 | D        | Killed a wolf
   153 | D        | Reached *** piety under Trog
   153 | D        | Reached skill level 3 in Polearms
   153 | D        | Reached skill level 5 in Armour
   153 | D        | Reached XP level 5. HP: 52/56 MP: 4/4
   180 | D        | Entered arena 4.
   180 | D        | Found a transporter.
   188 | D        | Reached **** piety under Trog
   188 | D        | Reached skill level 4 in Polearms
   389 | D        | Entered arena 5.
   389 | D        | Noticed a tarantella
   389 | D        | Noticed a tarantella
   389 | D        | Noticed a jumping spider
   389 | D        | Found a transporter.
   395 | D        | Reached skill level 5 in Polearms
   395 | D        | Reached skill level 5 in Dodging
   395 | D        | Reached XP level 6. HP: 66/66 MP: 5/5
   396 | D        | Killed a tarantella
   396 | D        | Reached skill level 10 in Fighting
   396 | D        | Reached skill level 7 in Polearms
   397 | D        | Killed a tarantella
   397 | D        | Reached ***** piety under Trog
   397 | D        | Reached skill level 10 in Axes
   397 | D        | Reached skill level 8 in Polearms
   397 | D        | Reached XP level 7. HP: 73/73 MP: 6/6
   399 | D        | Killed a jumping spider
   399 | D        | Reached skill level 9 in Polearms
   422 | D        | Identified a +0 pair of boots of running (You found it in the Dungeon)
   443 | D        | Entered arena 6.
   443 | D        | Noticed a jumping spider
   443 | D        | Noticed a jumping spider
   443 | D        | Noticed a jumping spider
   443 | D        | Noticed a jumping spider
   443 | D        | Found a transporter.
   447 | D        | Killed a jumping spider
   447 | D        | Reached skill level 10 in Polearms
   447 | D        | Reached XP level 8. HP: 76/82 MP: 7/7
   449 | D        | Killed a jumping spider
   459 | D        | Killed a jumping spider
   459 | D        | Reached skill level 11 in Polearms
   460 | D        | Killed a jumping spider
   460 | D        | Reached skill level 12 in Polearms
   475 | D        | Got the +4 pair of boots of Restlessness {Int+5}
   635 | D        | Entered arena 7.
   651 | D        | Reached ****** piety under Trog
   652 | D        | Found a transporter.
   684 | D        | Reached skill level 13 in Polearms
   684 | D        | Reached XP level 9. HP: 76/93 MP: 8/8
   753 | D        | Entered arena 8.
   754 | D        | Found a transporter.
   755 | D        | Received a gift from Trog
   755 | D        | Reached XP level 10. HP: 101/101 MP: 9/9
   758 | D        | Reached skill level 10 in Armour
   764 | D        | Reached skill level 14 in Polearms
   781 | D        | Got the amulet of the Insatiable Tables {Faith rElec rF+ Int+3 Dex-5}
   782 | D        | Received a gift from Trog
   796 | D        | Entered arena 9.
   796 | D        | Noticed a spriggan rider
   797 | D        | Found a transporter.
   818 | D        | Received a gift from Trog
   818 | D        | Reached skill level 15 in Polearms
   830 | D        | HP: 3/103 [poisoned by a spriggan rider]
   831 | D        | Succumbed to a spriggan rider's poison

Skill      XL: |  1  2  3  4  5  6  7  8  9 10 |
---------------+-------------------------------+-----
Fighting       | 5 7 8 9 10 11 13 14 | 14.0
Axes           | 5 7 8 9 10 11 | 11.4
Armour         | 3 4 5 6 7 8 9 10 | 10.6
Dodging        | 3 4 5 6 8 |  8.4
Polearms       | 2 3 5 8 10 13 15 | 15.1
Stealth        | 2 |  2.4

Action                   |  1- 3 |  4- 6 |  7- 9 | 10-12 || total
-------------------------+-------+-------+-------+-------++-------
Melee: Demon trident     |     6 |    28 |    34 |    37 ||   105
       Headbutt          |       |     2 |     6 |     4 ||    12
Invok: Berserk           |     1 |     1 |       |     1 ||     3
       Burn Spellbooks   |       |     1 |     1 |     1 ||     3
  Use: Scroll            |       |       |     1 |       ||     1
       Potion            |       |       |     1 |       ||     1
  Eat: Chunk             |       |       |     1 |     1 ||     2
Armor: Shadow dragon sca |     6 |    22 |    37 |    24 ||    89
Dodge: Dodged            |     2 |    16 |    32 |    11 ||    61
